 Dungeon Crawl Stone Soup version 0.29.0-4-gdea44cf6ec (webtiles) character file.

Game seed: 5979519831009735095

8820 qw the Grappler (level 11, 0/105 HPs)
             Began as a Troll Cinder Acolyte on Aug 31, 2022.
             Was a Priest of Ignis.
             Slain by Fannar
             ... wielding a staff of cold
              (2 damage)
             ... on level 1 of the Lair of Beasts.
             The game lasted 00:04:36 (8886 turns).

qw the Grappler (Troll Cinder Acolyte)              Turns: 8886, Time: 00:04:36

Health: 0/105      AC: 15    Str: 32    XL:     11   Next: 14%
Magic:  11/11      EV:  9    Int: 10    God:    Ignis [***...]
Gold:   648        SH:  5    Dex:  5    Spells: 12/12 levels left

rFire   + . .      SeeInvis .     - Unarmed
rCold   . . .      Faith    .   (no shield)
rNeg    . . .      Spirit   .   g - +2 robe {Archmagi}
rPois   .          Reflect  +   (helmet restricted)
rElec   .          Harm     .   (no cloak)
rCorr   .          Rampage  .   (gloves unavailable)
Will    +....      Archmagi +   (boots unavailable)
Stlth   +.........              e - amulet of reflection
HPRegen 1.07/turn               b - +6 ring of strength
MPRegen 0.12/turn               d - ring of willpower

@: lethally poisoned (0 -> 0), about to teleport, fiery-armoured
A: large, unfitting armour, claws 3, regeneration 1, shaggy fur 1, tough skin 1,
iridescent scales 1, weak 1, wild magic 1
a: Renounce Religion, Fiery Armour, Foxfire Swarm, Rising Flame


You were on level 1 of the Lair of Beasts.
You worshipped Ignis.
Ignis was most pleased with you.
You visited 2 branches of the dungeon, and saw 9 of its levels.

You collected 648 gold pieces.


Innate Abilities, Weirdness & Mutations

You are too large for most types of armour.
You have claws for hands.
Your natural rate of healing is unusually fast.
You are covered in fur. (AC +1)
You have tough skin. (AC +1)
You are partially covered in iridescent scales. (AC +2)
You are weak. (Str -2)
Your spells are a little harder to cast, but a little more powerful.


   Skills:
 - Level 6.0 Fighting
 - Level 6.0 Throwing
 - Level 1.1 Dodging
 + Level 14.7 Unarmed Combat
 - Level 1.0 Spellcasting
 - Level 2.1 Fire Magic


You had 12 spell levels left.
You didn't know any spells.
Your spell library contained the following spells:

 Spells                   Type           Power      Damage    Failure   Level
 Scorch                   Fire           18%        2d6       30%         2

Inventory:

Missiles
 c - 5 boomerangs (quivered)
 o - 2 large rocks
Armour
 g - a +2 robe of the Archmagi (worn)
Jewellery
 b - a +6 ring of strength (left claw)
 d - a ring of willpower (right claw)
 e - an amulet of reflection (around neck)
Scrolls
 h - 3 scrolls of teleportation
 k - a scroll of enchant weapon
 l - 2 scrolls of enchant armour
 m - 4 scrolls of identify
Potions
 f - 6 potions of curing
 i - a potion of might
 n - 2 potions of mutation

Dungeon Overview and Level Annotations

Branches:
Dungeon (8/15)             Temple (0/1) D:6            Lair (1/5) D:8

Altars:

Annotations:
D:6 3 runed translucent doors, qw's ghost, novice TrCA
Lair:1 Fannar


Message History

Erica is burned by your cloak of flames.
Erica is lightly wounded.
You scratch Erica. Your claw misses Erica.
Erica is lightly wounded.
You feel sick.
You scratch Erica.
Erica is lightly wounded.
You feel sick.
Erica mumbles some strange words.
Erica flickers and vanishes!
Deactivating autopickup; reactivate with Ctrl-A.
You claw something!
You feel sick. Something hits you! Something burns you.
Fannar drinks a potion.
Fannar's spells are empowered!
You miss something.
You feel sick. Something hits you! Something burns you.
You claw something!
You feel sick.
You mangle something!!
Reactivating autopickup.
You feel a bit more experienced.
You feel sick.
Found a stone staircase leading down.
You feel sick. Fannar gestures at you while chanting.
The bolt of cold hits you!!
Things that are here:
a +3 scimitar of flaming; a +1 robe of cold resistance; the human corpse of Erica You feel sick.
Fannar gestures wildly while chanting.
Fannar drains the heat from the surrounding environment!
The fungus begins to die.
The plant begins to die.
You see here a +0 spear.
8885 ||| READING 4 scrolls of teleportation.
As you read the scroll of teleportation, it crumbles to dust.
You feel strangely unstable.
You feel sick.
You miss Fannar.
You feel sick. Fannar hits you with a staff of cold. Fannar freezes you.
You die...

#..# #............ ##.#
#... P##...P##..#..##
#.# #.....
.###..P#####..## #.#
#.#..# .# #..## #..##
#.# #.#..# .# #...
..... ##.# #.#..# .#
#... .....# #P.##
#.#..####.###.#######.P
##.P# #.P.............
... #...#
#......)@e....#
##%####...#.#.......#
#.........##......##
##.#.#.#.###.#.....>.
####..........#.....
#####P...........
#P##.##.#.## ### ##
####


You could see Fannar (empowered).

Vanquished Creatures
  Erica (Lair:1)
  A cyclops (D:8)
  A black mamba (Lair:1)
  A cane toad (Lair:1)
  2 rime drakes (Lair:1)
  A komodo dragon (Lair:1)
  Prince Ribbit (D:5)
  3 blink frogs (Lair:1)
  4 yaks
  4 wyverns
  2 basilisks
  2 water moccasins
  4 orc warriors
  3 ice beasts
  3 sky beasts
  2 ogres
  3 black bears
  3 wolves (Lair:1)
  2 centaurs
  A phantom (D:6)
  9 bullfrogs
  2 necrophages
  4 scorpions
  9 wights
  A killer bee (D:8)
  2 howler monkeys
  5 hounds
  3 orc priests
  A jelly (D:7)
  An iguana (D:7)
  7 orc wizards
  4 gnolls
  7 adders
  2 river rats (D:6)
  A shadow imp (D:5)
  3 white imps
  An ufetubus (D:5)
  3 worms
  A dart slug (D:1)
  25 orcs
  7 ball pythons
  7 endoplasms
  4 giant cockroaches
  A goblin (D:1)
  5 hobgoblins
  7 jackals
  7 kobolds
  5 quokkas
  3 bats
  5 frilled lizards
  11 rats
197 creatures vanquished.

Vanquished Creatures (others)
  19 fungi
  30 plants
49 creatures vanquished.

Grand Total: 246 creatures vanquished

Notes
Turn   | Place    | Note
-------+----------+-------------------------------------------
     0 | D:1      | qw the Troll Cinder Acolyte began the quest for the Orb.
     0 | D:1      | Reached XP level 1. HP: 22/22 MP: 1/1
     0 | D:1      | 0 ||| qw: Version: 0.1-a-97-g2dd2ca4
     0 | D:1      | 0 ||| qw: Game counter: 4543
     0 | D:1      | 0 ||| qw: Always use a shield: true
     0 | D:1      | 0 ||| qw: God list: Okawaru
     0 | D:1      | 0 ||| qw: Allow faded altars: false
     0 | D:1      | 0 ||| qw: Do Orc after D:15 true
     0 | D:1      | 0 ||| qw: Do second Lair branch before Depths: true
     0 | D:1      | 0 ||| qw: Lair rune preference: random
     0 | D:1      | 0 ||| qw: Plans: Normal
     0 | D:1      | 0 ||| PLANNING D:1-11
   284 | D:1      | Reached XP level 2. HP: 29/29 MP: 2/2
   506 | D:1      | 506 ||| Stepping ~*~*~tactically~*~*~ (stealth).
   507 | D:1      | Found a faded altar of an unknown god.
   511 | D:1      | 511 ||| Stepping ~*~*~tactically~*~*~ (outnumbered).
   513 | D:1      | Reached skill level 4 in Unarmed Combat
  1081 | D:1      | 1081 ||| UPGRADING to amulet of reflection.
  1086 | D:1      | 1086 ||| UPGRADING to +6 ring of strength.
  1087 | D:1      | 1087 ||| READING scroll labelled QUCZUBRENKU.
  1088 | D:1      | 1088 ||| READING scroll labelled UHIOLI HENNOPH.
  1139 | D:2      | Reached XP level 3. HP: 36/36 MP: 3/3
  1240 | D:2      | 1240 ||| Stepping ~*~*~tactically~*~*~ (stealth).
  1242 | D:2      | 1242 ||| Stepping ~*~*~tactically~*~*~ (stealth).
  1370 | D:2      | 1370 ||| Stepping ~*~*~tactically~*~*~ (stealth).
  1372 | D:2      | 1372 ||| Stepping ~*~*~tactically~*~*~ (stealth).
  1380 | D:2      | 1380 ||| Stepping ~*~*~tactically~*~*~ (outnumbered).
  1427 | D:2      | 1427 ||| Stepping ~*~*~tactically~*~*~ (stealth).
  1564 | D:2      | 1564 ||| FLEEEEING.
  1565 | D:2      | 1565 ||| FLEEEEING.
  1566 | D:2      | 1566 ||| FLEEEEING.
  1567 | D:2      | 1567 ||| FLEEEEING.
  1568 | D:2      | 1568 ||| FLEEEEING.
  1569 | D:2      | 1569 ||| FLEEEEING.
  1570 | D:2      | 1570 ||| FLEEEEING.
  1571 | D:2      | 1571 ||| FLEEEEING.
  1572 | D:2      | 1572 ||| FLEEEEING.
  1573 | D:2      | 1573 ||| FLEEEEING.
  1574 | D:2      | 1574 ||| FLEEEEING.
  1577 | D:2      | 1577 ||| FLEEEEING.
  1578 | D:2      | 1578 ||| FLEEEEING.
  1586 | D:2      | 1586 ||| FLEEEEING.
  1587 | D:2      | 1587 ||| FLEEEEING.
  1588 | D:2      | 1588 ||| STAIRDANCE
  1595 | D:1      | 1595 ||| READING scroll labelled WIAGHA VOGEIJ.
  1596 | D:1      | 1596 ||| READING scroll labelled VUILEA YJASTRYH.
  1601 | D:1      | 1601 ||| READING scroll labelled XUPOUCL TUZO.
  1602 | D:1      | 1602 ||| DRINKING 2 fuming yellow potions.
  1636 | D:1      | 1636 ||| DRINKING 2 green potions.
  1637 | D:1      | 1637 ||| DROPPING potion of lignification.
  1638 | D:1      | 1638 ||| DROPPING potion of invisibility.
  1705 | D:2      | 1705 ||| STAIRDANCE
  1859 | D:2      | Noticed a necrophage
  1864 | D:2      | Killed a necrophage
  1865 | D:2      | Reached skill level 5 in Unarmed Combat
  1865 | D:2      | Reached XP level 4. HP: 44/44 MP: 4/4
  1956 | D:2      | 1956 ||| READING scroll labelled PAJOEPTO HUIMA.
  1957 | D:2      | 1957 ||| READING scroll labelled OSOFUCK RAIPHO.
  2067 | D:3      | Reached XP level 5. HP: 49/50 MP: 5/5
  2252 | D:3      | 2252 ||| Stepping ~*~*~tactically~*~*~ (hiding).
  2258 | D:3      | 2258 ||| Stepping ~*~*~tactically~*~*~ (stealth).
  2261 | D:3      | 2261 ||| Stepping ~*~*~tactically~*~*~ (stealth).
  2262 | D:3      | 2262 ||| Stepping ~*~*~tactically~*~*~ (stealth).
  2263 | D:3      | 2263 ||| Stepping ~*~*~tactically~*~*~ (stealth).
  2275 | D:3      | Reached skill level 6 in Unarmed Combat
  2485 | D:3      | 2485 ||| Stepping ~*~*~tactically~*~*~ (stealth).
  2486 | D:3      | 2486 ||| Stepping ~*~*~tactically~*~*~ (stealth).
  2487 | D:3      | 2487 ||| Stepping ~*~*~tactically~*~*~ (stealth).
  2489 | D:3      | 2489 ||| Stepping ~*~*~tactically~*~*~ (stealth).
  2806 | D:3      | 2806 ||| READING scroll labelled HOKLIO OPPISH.
  2807 | D:3      | 2807 ||| READING 2 scrolls labelled UWIDIUHUNG.
  2808 | D:3      | 2808 ||| READING scroll labelled ACZAIN ROAZ.
  2809 | D:3      | 2809 ||| READING scroll labelled WIESUHURESK.
  2810 | D:3      | 2810 ||| DRINKING 3 orange potions.
  2811 | D:3      | 2811 ||| DRINKING 2 fuming puce potions.
  2934 | D:4      | Noticed an ogre
  2937 | D:4      | 2937 ||| INVOKING Fiery Armour.
  2939 | D:4      | Killed an ogre
  2940 | D:4      | Reached skill level 7 in Unarmed Combat
  2940 | D:4      | Reached XP level 6. HP: 23/59 MP: 6/6
  2946 | D:4      | 2946 ||| FLEEEEING.
  3354 | D:4      | 3354 ||| Stepping ~*~*~tactically~*~*~ (stealth).
  3356 | D:4      | 3356 ||| Stepping ~*~*~tactically~*~*~ (hiding).
  3357 | D:4      | 3357 ||| Stepping ~*~*~tactically~*~*~ (hiding).
  3361 | D:4      | 3361 ||| INVOKING Fiery Armour.
  3640 | D:4      | 3640 ||| READING scroll labelled ABBITT URUE.
  3641 | D:4      | 3641 ||| DRINKING 2 smoky orange potions.
  3641 | D:4      | Gained mutation: You are frail. (-10% HP) [potion of
                  | mutation]
  3641 | D:4      | Gained mutation: You are strong-willed. (Will+) [potion of
                  | mutation]
  3642 | D:4      | 3642 ||| DRINKING potion of mutation.
  3642 | D:4      | Lost mutation: You are strong-willed. (Will+) [potion of
                  | mutation]
  3642 | D:4      | Lost mutation: You are frail. (-10% HP) [potion of
                  | mutation]
  3642 | D:4      | Gained mutation: You are weak. (Str -2) [potion of
                  | mutation]
  3642 | D:4      | Gained mutation: Your spells are a little harder to cast,
                  | but a little more powerful. [potion of mutation]
  3642 | D:4      | Gained mutation: You are partially covered in iridescent
                  | scales. (AC +2) [potion of mutation]
  3648 | D:4      | 3648 ||| READING 5 scrolls of identify.
  3648 | D:4      | 3648 ||| IDENTIFYING sapphire potion
  3649 | D:4      | 3649 ||| DROPPING potion of attraction.
  3668 | D:5      | Entered Level 5 of the Dungeon
  3696 | D:5      | 3696 ||| Stepping ~*~*~tactically~*~*~ (stealth).
  3761 | D:5      | Reached skill level 8 in Unarmed Combat
  3761 | D:5      | Reached XP level 7. HP: 56/66 MP: 7/7
  3798 | D:5      | Reached skill level 3 in Fighting
  3799 | D:5      | 3799 ||| Stepping ~*~*~tactically~*~*~ (stealth).
  3892 | D:5      | Noticed Prince Ribbit
  3895 | D:5      | 3895 ||| Stepping ~*~*~tactically~*~*~ (stealth).
  3900 | D:5      | Killed Prince Ribbit
  3919 | D:5      | 3919 ||| Stepping ~*~*~tactically~*~*~ (stealth).
  4006 | D:5      | Reached skill level 9 in Unarmed Combat
  4027 | D:5      | Reached skill level 1 in Throwing
  4057 | D:5      | Reached skill level 1 in Dodging
  4118 | D:5      | Reached XP level 8. HP: 71/75 MP: 8/8
  4513 | D:5      | 4513 ||| DROPPING ring of magical power.
  4514 | D:5      | 4514 ||| READING scroll labelled GAOXUO SIVI.
  4515 | D:5      | 4515 ||| READING scroll labelled LIPHAR HEGOI.
  4516 | D:5      | 4516 ||| READING 5 scrolls of identify.
  4516 | D:5      | 4516 ||| IDENTIFYING red potion
  4517 | D:5      | 4517 ||| DROPPING potion of brilliance.
  4603 | D:6      | 4603 ||| PLANNING SEWER
  4603 | D:6      | 4603 ||| STAIRDANCE
  4620 | D:6      | 4620 ||| STAIRDANCE
  4642 | D:6      | 4642 ||| Stepping ~*~*~tactically~*~*~ (hiding).
  4643 | D:6      | 4643 ||| Stepping ~*~*~tactically~*~*~ (hiding).
  4644 | D:6      | 4644 ||| Stepping ~*~*~tactically~*~*~ (hiding).
  4706 | D:6      | 4706 ||| FLEEEEING.
  4707 | D:6      | 4707 ||| FLEEEEING.
  4708 | D:6      | 4708 ||| FLEEEEING.
  4709 | D:6      | 4709 ||| FLEEEEING.
  4710 | D:6      | 4710 ||| FLEEEEING.
  4711 | D:6      | 4711 ||| FLEEEEING.
  4712 | D:6      | 4712 ||| FLEEEEING.
  4713 | D:6      | 4713 ||| FLEEEEING.
  4714 | D:6      | 4714 ||| FLEEEEING.
  4715 | D:6      | 4715 ||| FLEEEEING.
  4716 | D:6      | 4716 ||| FLEEEEING.
  4717 | D:6      | 4717 ||| FLEEEEING.
  4718 | D:6      | 4718 ||| FLEEEEING.
  4719 | D:6      | 4719 ||| FLEEEEING.
  4723 | D:6      | 4723 ||| STAIRDANCE
  4781 | D:6      | 4781 ||| STAIRDANCE
  4835 | D:6      | 4835 ||| Stepping ~*~*~tactically~*~*~ (hiding).
  4854 | D:6      | 4854 ||| Stepping ~*~*~tactically~*~*~ (outnumbered).
  4855 | D:6      | 4855 ||| Stepping ~*~*~tactically~*~*~ (outnumbered).
  4927 | D:6      | Reached skill level 10 in Unarmed Combat
  4938 | D:6      | Found a staircase to the Ecumenical Temple.
  4964 | D:6      | Found a runed translucent gate.
  4965 | D:6      | Found a runed translucent gate.
  4965 | D:6      | Found a runed translucent gate.
  4966 | D:6      | Noticed qw's ghost (novice TrCA)
  5196 | D:6      | 5196 ||| Stepping ~*~*~tactically~*~*~ (hiding).
  5197 | D:6      | 5197 ||| Stepping ~*~*~tactically~*~*~ (hiding).
  5198 | D:6      | 5198 ||| Stepping ~*~*~tactically~*~*~ (hiding).
  5212 | D:6      | 5212 ||| Stepping ~*~*~tactically~*~*~ (stealth).
  5213 | D:6      | 5213 ||| Stepping ~*~*~tactically~*~*~ (stealth).
  5271 | D:6      | 5271 ||| RIP SEWER
  5281 | D:6      | 5281 ||| PLANNING D:1-11
  5412 | D:6      | 5412 ||| Stepping ~*~*~tactically~*~*~ (hiding).
  6168 | D:6      | 6168 ||| READING 5 scrolls of teleportation.
  6263 | D:7      | 6263 ||| Stepping ~*~*~tactically~*~*~ (hiding).
  6264 | D:7      | 6264 ||| Stepping ~*~*~tactically~*~*~ (hiding).
  6275 | D:7      | Reached skill level 11 in Unarmed Combat
  6343 | D:7      | Reached XP level 9. HP: 73/84 MP: 9/9
  6547 | D:7      | 6547 ||| INVOKING Fiery Armour.
  6690 | D:7      | 6690 ||| FLEEEEING.
  6694 | D:7      | 6694 ||| FLEEEEING.
  6695 | D:7      | 6695 ||| FLEEEEING.
  6696 | D:7      | 6696 ||| FLEEEEING.
  6697 | D:7      | 6697 ||| FLEEEEING.
  6698 | D:7      | 6698 ||| FLEEEEING.
  6699 | D:7      | 6699 ||| FLEEEEING.
  6700 | D:7      | 6700 ||| FLEEEEING.
  6701 | D:7      | 6701 ||| FLEEEEING.
  6702 | D:7      | 6702 ||| FLEEEEING.
  6703 | D:7      | 6703 ||| FLEEEEING.
  6704 | D:7      | 6704 ||| FLEEEEING.
  6706 | D:7      | 6706 ||| FLEEEEING.
  6707 | D:7      | 6707 ||| FLEEEEING.
  6708 | D:7      | 6708 ||| FLEEEEING.
  6709 | D:7      | 6709 ||| FLEEEEING.
  6711 | D:7      | 6711 ||| FLEEEEING.
  6712 | D:7      | 6712 ||| FLEEEEING.
  6713 | D:7      | 6713 ||| FLEEEEING.
  6714 | D:7      | 6714 ||| FLEEEEING.
  6715 | D:7      | 6715 ||| FLEEEEING.
  6716 | D:7      | 6716 ||| STAIRDANCE
  6876 | D:6      | 6876 ||| READING 6 scrolls of identify.
  6876 | D:6      | 6876 ||| IDENTIFYING coppery potion
  6877 | D:6      | 6877 ||| READING 5 scrolls of identify.
  6877 | D:6      | 6877 ||| IDENTIFYING metallic white potion
  6878 | D:6      | 6878 ||| DROPPING potion of flight.
  6969 | D:7      | 6969 ||| Stepping ~*~*~tactically~*~*~ (hiding).
  6971 | D:7      | 6971 ||| Stepping ~*~*~tactically~*~*~ (hiding).
  6975 | D:7      | 6975 ||| Stepping ~*~*~tactically~*~*~ (hiding).
  6992 | D:7      | Reached skill level 12 in Unarmed Combat
  6993 | D:7      | 6993 ||| Stepping ~*~*~tactically~*~*~ (outnumbered).
  7245 | D:7      | 7245 ||| READING 4 scrolls of identify.
  7245 | D:7      | 7245 ||| IDENTIFYING emerald potion
  7246 | D:7      | 7246 ||| DROPPING potion of degeneration.
  7345 | D:8      | 7345 ||| Stepping ~*~*~tactically~*~*~ (stealth).
  7352 | D:8      | 7352 ||| FLEEEEING.
  7354 | D:8      | 7354 ||| FLEEEEING.
  7371 | D:8      | 7371 ||| Stepping ~*~*~tactically~*~*~ (stealth).
  7373 | D:8      | 7373 ||| Stepping ~*~*~tactically~*~*~ (stealth).
  7374 | D:8      | 7374 ||| Stepping ~*~*~tactically~*~*~ (stealth).
  7380 | D:8      | 7380 ||| Stepping ~*~*~tactically~*~*~ (outnumbered).
  7384 | D:8      | 7384 ||| Stepping ~*~*~tactically~*~*~ (hiding).
  7388 | D:8      | 7388 ||| Stepping ~*~*~tactically~*~*~ (outnumbered).
  7389 | D:8      | 7389 ||| Stepping ~*~*~tactically~*~*~ (outnumbered).
  7445 | D:8      | 7445 ||| Stepping ~*~*~tactically~*~*~ (stealth).
  7462 | D:8      | 7462 ||| Stepping ~*~*~tactically~*~*~ (hiding).
  7551 | D:8      | Reached skill level 13 in Unarmed Combat
  7576 | D:8      | Reached XP level 10. HP: 96/96 MP: 10/10
  7577 | D:8      | Noticed a cyclops
  7587 | D:8      | Killed a cyclops
  7715 | D:8      | Reached skill level 3 in Throwing
  7805 | D:8      | 7805 ||| Stepping ~*~*~tactically~*~*~ (outnumbered).
  7830 | D:8      | 7830 ||| Stepping ~*~*~tactically~*~*~ (stealth).
  7834 | D:8      | 7834 ||| Stepping ~*~*~tactically~*~*~ (stealth).
  7837 | D:8      | 7837 ||| INVOKING Fiery Armour.
  7838 | D:8      | 7838 ||| Stepping ~*~*~tactically~*~*~ (stealth).
  7842 | D:8      | 7842 ||| Stepping ~*~*~tactically~*~*~ (outnumbered).
  7843 | D:8      | 7843 ||| Stepping ~*~*~tactically~*~*~ (outnumbered).
  7844 | D:8      | 7844 ||| Stepping ~*~*~tactically~*~*~ (outnumbered).
  7845 | D:8      | 7845 ||| Stepping ~*~*~tactically~*~*~ (outnumbered).
  7937 | D:8      | Found a staircase to the Lair.
  7952 | D:8      | Identified the +1 leather armour of Oblivion {rC+}
  8089 | D:8      | 8089 ||| PLANNING LAIR
  8089 | D:8      | 8089 ||| UPGRADING to +2 robe of the Archmagi.
  8099 | D:8      | 8099 ||| DROPPING +0 robe.
  8100 | D:8      | 8100 ||| UPGRADING to ring of willpower.
  8136 | Lair:1   | Entered Level 1 of the Lair of Beasts
  8155 | Lair:1   | 8155 ||| INVOKING Fiery Armour.
  8226 | Lair:1   | Noticed a cane toad
  8229 | Lair:1   | Killed a cane toad
  8230 | Lair:1   | Reached skill level 14 in Unarmed Combat
  8261 | Lair:1   | 8261 ||| Stepping ~*~*~tactically~*~*~ (stealth).
  8320 | Lair:1   | Noticed a black mamba
  8321 | Lair:1   | 8321 ||| Stepping ~*~*~tactically~*~*~ (stealth).
  8326 | Lair:1   | Killed a black mamba
  8331 | Lair:1   | Reached skill level 6 in Fighting
  8481 | Lair:1   | Noticed Fannar
  8482 | Lair:1   | 8482 ||| Stepping ~*~*~tactically~*~*~ (hiding).
  8487 | Lair:1   | 8487 ||| INVOKING Fiery Armour.
  8488 | Lair:1   | HP: 18/98 [Fannar/staff of cold (17)]
  8489 | Lair:1   | 8489 ||| READING 6 scrolls of teleportation.
  8490 | Lair:1   | 8490 ||| DRINKING 2 potions of heal wounds.
  8493 | Lair:1   | 8493 ||| DRINKING potion of heal wounds.
  8493 | Lair:1   | HP: 20/98 [Fannar/staff of cold (23)]
  8496 | Lair:1   | 8496 ||| READING 5 scrolls of teleportation.
  8591 | Lair:1   | 8591 ||| Stepping ~*~*~tactically~*~*~ (stealth).
  8595 | Lair:1   | 8595 ||| Stepping ~*~*~tactically~*~*~ (stealth).
  8603 | Lair:1   | 8603 ||| Stepping ~*~*~tactically~*~*~ (stealth).
  8615 | Lair:1   | 8615 ||| Stepping ~*~*~tactically~*~*~ (stealth).
  8617 | Lair:1   | 8617 ||| Stepping ~*~*~tactically~*~*~ (hiding).
  8818 | Lair:1   | 8818 ||| Stepping ~*~*~tactically~*~*~ (stealth).
  8820 | Lair:1   | 8820 ||| Stepping ~*~*~tactically~*~*~ (hiding).
  8823 | Lair:1   | 8823 ||| INVOKING Fiery Armour.
  8828 | Lair:1   | Reached XP level 11. HP: 90/105 MP: 11/11
  8836 | Lair:1   | Reached skill level 6 in Throwing
  8868 | Lair:1   | Noticed Erica
  8869 | Lair:1   | 8869 ||| Stepping ~*~*~tactically~*~*~ (hiding).
  8872 | Lair:1   | 8872 ||| Stepping ~*~*~tactically~*~*~ (hiding).
  8882 | Lair:1   | Killed Erica
  8884 | Lair:1   | HP: 5/105 [Fannar/staff of cold (22)]
  8885 | Lair:1   | 8885 ||| READING 4 scrolls of teleportation.
  8886 | Lair:1   | HP: 2/105 [Fannar/staff of cold (2)]
  8886 | Lair:1   | Slain by Fannar

Levels and vault maps discovered:
D:1:      dpeg_arrival_three_same_balls, layout_loops_corners,
          shapermc_ecumenical_altar_starsandcircs
D:2:      layout_basic, minmay_misc_feat_roman, minmay_indecisive_spiral
D:3:      layout_loops_corners
D:4:      layout_basic
D:5:      layout_loops_ring, serial_rivers, chequers_serial_rivers_small_3,
          chequers_serial_rivers_micro_a, chequers_serial_rivers_small_a,
          chequers_serial_rivers_small_b, minmay_misc_feat_tiny,
          uniq_prince_ribbit1
D:6:      layout_layer_cave, minmay_temple_entry_junction,
          ebering_ghost_rock_garden, gup_sewer_entry_bubbles, minmay_holes
D:7:      minmay_angry_zag, layout_basic
D:8:      minmay_the_grid_octo_tiled_squarecenter
          [minmay_the_grid_octo_concentric, minmay_the_grid_octo_checkerflower,
          minmay_the_grid_octo_teeth, minmay_the_grid_octo_odd_swirl,
          minmay_the_grid_square_5x5_megaprize_hollow,
          minmay_the_grid_square_5x5_slash, minmay_the_grid_square_5x5_tie,
          minmay_the_grid_square_5x5_six_small,
          minmay_the_grid_square_5x5_tetrominoes], layout_rooms,
          grunt_lair_entry_orc_guard_hut
Lair:1:   layout_loops_ring, serial_bayou_shore_a, uniq_erica, uniq_fannar

Skill      XL: |  1  2  3  4  5  6  7  8  9 10 11 |
---------------+----------------------------------+-----
Unarmed Combat | 4 5 7 8 9 11 13 14 | 14.7
Fighting       | 3 4 5 6 |  6.0
Throwing       | 1 2 5 6 |  6.0
Dodging        | 1 |  1.1
Spellcasting   | |  1.0
Fire Magic     | |  2.1

Action                   |  1- 3 |  4- 6 |  7- 9 | 10-12 || total
-------------------------+-------+-------+-------+-------++-------
Melee: Unarmed           |   121 |   106 |   255 |   102 ||   584
       Punch             |     2 |     4 |     4 |     5 ||    15
Throw: Boomerang         |     3 |    32 |    65 |     9 ||   109
       Large rock        |       |       |       |    14 ||    14
Invok: Fiery Armour      |       |     2 |     1 |     4 ||     7
  Use: Scroll            |     5 |     8 |     7 |     3 ||    23
       Potion            |     2 |     4 |       |     2 ||     8
Armor: Robe              |    20 |    32 |    64 |    33 ||   149
Dodge: Dodged            |    32 |    45 |    56 |    36 ||   169
Block: Other             |     8 |    28 |    36 |    16 ||    88
       Reflection        |       |       |     2 |     1 ||     3

Table legend:
 A = Non-vault XP
 B = Vault XP
 C = Vault XP percentage of total XP
 D = Non-vault monster count
 E = Vault monster count
 F = Vault count percentage of total count
                 A         B        C        D         E       F
            +---------+---------+-------+---------+---------+-------
      Total |    8452 |    4149 |  32.9 |     158 |      39 |  19.8
            +---------+---------+-------+---------+---------+-------
        D:1 |      39 |       0 |   0.0 |      23 |       0 |   0.0
        D:2 |     138 |      10 |   6.8 |      21 |       4 |  16.0
        D:3 |      88 |       0 |   0.0 |      19 |       0 |   0.0
        D:4 |     357 |       0 |   0.0 |      12 |       0 |   0.0
        D:5 |     602 |     277 |  31.5 |      15 |       1 |   6.2
        D:6 |    1070 |      36 |   3.3 |      22 |       6 |  21.4
        D:7 |    1003 |     300 |  23.0 |      11 |       4 |  26.7
        D:8 |     889 |    2674 |  75.0 |      17 |      23 |  57.5
     Lair:1 |    4266 |     852 |  16.6 |      18 |       1 |   5.3
            +---------+---------+-------+---------+---------+-------
